 Dungeon Crawl Stone Soup version 0.29.0-4-gdea44cf6ec (webtiles) character file.

Game seed: 261297155432311210

28 qw the Chopper (level 3, 0/21 HPs)
             Began as a Tengu Warper on Aug 28, 2022.
             Succumbed to their own poison gas
             ... on level 1 of the Dungeon.
             The game lasted 00:00:07 (1923 turns).

qw the Chopper (Tengu Warper)                       Turns: 1923, Time: 00:00:07

Health: 0/21       AC:  6    Str: 13    XL:     3   Next: 14%
Magic:  7/7        EV:  9    Int: 13    God:
Gold:   47         SH:  0    Dex: 13    Spells: 6/6 levels left

rFire   . . .      SeeInvis .   Y - +0 hand axe
rCold   . . .      Faith    .   (no shield)
rNeg    . . .      Spirit   .   i - +0 scale mail
rPois   .          Reflect  .   (helmet restricted)
rElec   .          Harm     .   (no cloak)
rCorr   .          Rampage  .   (no gloves)
Will    .....                   (boots unavailable)
Stlth   ..........              (no amulet)
HPRegen 0.07/turn               (no ring)
MPRegen 0.10/turn               (no ring)

@: brilliant, lethally poisoned (0 -> -22), very slow
A: beak, talons 3
a: no special abilities


You were on level 1 of the Dungeon.
You visited 1 branch of the dungeon, and saw 1 of its levels.

You collected 47 gold pieces.


Innate Abilities, Weirdness & Mutations

You have a beak for a mouth.
You have claws for feet.


   Skills:
 - Level 2.0 Fighting
 + Level 3.9 Axes
 - Level 1.0 Throwing
 - Level 1.1 Armour
 - Level 2.1 Dodging
 - Level 2.0 Spellcasting
 - Level 2.4 Translocations


You had 6 spell levels left.
You didn't know any spells.
Your spell library contained the following spells:

 Spells                   Type           Power      Damage    Failure   Level
 Blink                    Tloc           22%        N/A       56%         2
 Gell's Gravitas          Tloc           11%        N/A       80%         3
 Lesser Beckoning         Tloc           11%        N/A       80%         3
 Teleport Other           Tloc           11%        N/A       80%         3
 Manifold Assault         Tloc           11%        N/A       100%        5

Inventory:

Hand Weapons
 e - a +0 whip
 Y - a +0 hand axe (weapon)
Armour
 i - a +0 scale mail (worn)
Potions
 d - a potion of curing {unknown}
 g - a potion of invisibility {unknown}
 l - a potion of degeneration {unknown}

Dungeon Overview and Level Annotations

Branches:
Dungeon (1/15)

Altars:


Message History

Done exploring.
1816 ||| READING 2 scrolls labelled ERGHOTT GOMONK.
As you read the scroll labelled ERGHOTT GOMONK, it crumbles to dust.
The air around you briefly surges with heat, but it dissipates.
It was a scroll of immolation.
Done exploring.
1817 ||| READING scroll labelled SAUJEJ XASUF.
As you read the scroll labelled SAUJEJ XASUF, it crumbles to dust.
A profound silence engulfs you.
It was a scroll of silence.
You start waiting.
Your hearing returns.
Done waiting.
Done exploring.
1918 ||| READING scroll labelled HANAAM MENGUPO.
The air fills with toxic fumes!
As you read the scroll labelled HANAAM MENGUPO, it crumbles to dust.
It was a scroll of poison.
Done exploring.
1919 ||| DRINKING 2 orange potions.
It was a potion of brilliance.
You feel clever all of a sudden.
Done exploring.
1920 ||| DROPPING scroll of immolation.
You drop a scroll of immolation.
You hear a splash.
Done exploring.
1921 ||| DROPPING scroll of blinking.
You drop a scroll of blinking.
You hear a splash.
Done exploring.
1922 ||| DROPPING potion of brilliance.
You drop a potion of brilliance.
You hear a splash.
Done exploring.
(D) Dungeon
Where to? (* - list waypoints, ? - help)
What level of the Dungeon? (default 1, ? - help) Sorry, I don't know how to get there.
Done exploring.
1923 ||| Stepping randomly (stuck).
Really walk into that cloud of poison gas?
You are engulfed in poison gas.
You are lethally poisoned!
Ouch! That really hurt!
You die...

###..# #.......%.# # ###..#
#.######### # .....# #.# # ####.#
#.# ##### #.##################
#.... ####..#~¤0¤¤¤0¤¤¤¤¤¤¤¤#
#.### ......#~¤00¤¤0¤¤¤¤¤¤¤¤# #.#
.######~0¤¤¤00¤!0¤¤¤¤¤# #.### .#
#.#~¤¤0¤¤¤¤¤@¤0¤¤¤# #.... .#
#...¤¤¤¤¤¤¤0¤¤¤¤¤¤# #####
.####.#~¤¤0¤¤¤¤¤¤¤¤¤¤¤#
?.....#~¤¤¤¤¤¤¤¤¤¤¤¤¤¤#
.######~¤0¤¤¤¤¤¤¤¤¤¤¤¤#### .#
#~¤¤¤¤¤¤¤¤¤¤¤¤¤¤##.########
.#############¤########.#........
...........# #............#######
.#######################.........


There were no monsters in sight!

Vanquished Creatures
  A dart slug (D:1)
  5 ball pythons (D:1)
  An endoplasm (D:1)
  3 giant cockroaches (D:1)
  3 hobgoblins (D:1)
  2 kobolds (D:1)
  2 quokkas (D:1)
  A bat (D:1)
  A frilled lizard (D:1)
  2 goblins (D:1)
  2 rats (D:1)
23 creatures vanquished.

Vanquished Creatures (others)
  A plant (D:1)
1 creature vanquished.

Grand Total: 24 creatures vanquished

Notes
Turn   | Place    | Note
-------+----------+-------------------------------------------
     0 | D:1      | qw the Tengu Warper began the quest for the Orb.
     0 | D:1      | Reached XP level 1. HP: 12/12 MP: 4/4
     0 | D:1      | 0 ||| qw: Version: 0.1-a-89-g26bdef1
     0 | D:1      | 0 ||| qw: Game counter: 2403
     0 | D:1      | 0 ||| qw: Always use a shield: true
     0 | D:1      | 0 ||| qw: God list: Okawaru
     0 | D:1      | 0 ||| qw: Allow faded altars: false
     0 | D:1      | 0 ||| qw: Do Orc after D:15 true
     0 | D:1      | 0 ||| qw: Do second Lair branch before Depths: true
     0 | D:1      | 0 ||| qw: Lair rune preference: random
     0 | D:1      | 0 ||| qw: Plans: Normal
     0 | D:1      | 0 ||| PLANNING D:1-11
    58 | D:1      | 58 ||| Stepping ~*~*~tactically~*~*~ (stealth).
   262 | D:1      | Reached skill level 3 in Axes
   262 | D:1      | Reached XP level 2. HP: 17/17 MP: 6/6
   274 | D:1      | HP: 3/17 [goblin/+0 club (4)]
  1067 | D:1      | 1067 ||| Stepping ~*~*~tactically~*~*~ (hiding).
  1169 | D:1      | 1169 ||| Stepping ~*~*~tactically~*~*~ (hiding).
  1364 | D:1      | Found a faded altar of an unknown god.
  1383 | D:1      | Reached XP level 3. HP: 17/21 MP: 7/7
  1805 | D:1      | 1805 ||| UPGRADING to +0 scale mail.
  1815 | D:1      | 1815 ||| DROPPING +0 leather armour.
  1816 | D:1      | 1816 ||| READING 2 scrolls labelled ERGHOTT GOMONK.
  1817 | D:1      | 1817 ||| READING scroll labelled SAUJEJ XASUF.
  1918 | D:1      | 1918 ||| READING scroll labelled HANAAM MENGUPO.
  1919 | D:1      | 1919 ||| DRINKING 2 orange potions.
  1920 | D:1      | 1920 ||| DROPPING scroll of immolation.
  1921 | D:1      | 1921 ||| DROPPING scroll of blinking.
  1922 | D:1      | 1922 ||| DROPPING potion of brilliance.
  1923 | D:1      | 1923 ||| Stepping randomly (stuck).
  1923 | D:1      | Succumbed to their own poison gas

Levels and vault maps discovered:
D:1:      dpeg_arrival_shrine, layout_loops_ring,
          dreamdust_ecumenical_altar_grove

Skill      XL: |  1 |
---------------+----+-----
Axes           | 3 |  3.9
Fighting       | |  2.0
Throwing       | |  1.0
Armour         | |  1.1
Dodging        | |  2.1
Spellcasting   | |  2.0
Translocations | |  2.4

Action                   || total
-------------------------++-------
Melee: Hand axe          ||    55
       Peck              ||     5
       Kick              ||    10
       Punch             ||     2
Throw: Boomerang         ||     7
  Use: Scroll            ||     3
       Potion            ||     1
Armor: Leather armour    ||     7
Dodge: Dodged            ||    25

Table legend:
 A = Non-vault XP
 B = Vault XP
 C = Vault XP percentage of total XP
 D = Non-vault monster count
 E = Vault monster count
 F = Vault count percentage of total count
                 A         B        C        D         E       F
            +---------+---------+-------+---------+---------+-------
      Total |      41 |       0 |   0.0 |      23 |       0 |   0.0
            +---------+---------+-------+---------+---------+-------
        D:1 |      41 |       0 |   0.0 |      23 |       0 |   0.0
            +---------+---------+-------+---------+---------+-------
